 Dungeon Crawl Stone Soup version 0.30-a0-613-gdd512c7efb (webtiles) character file.

Game seed: 14252176125153202749

29600 pokeman the Eclecticist (level 13, -45/76 HPs)
             Began as a Deep Elf Hedge Wizard on Jan 8, 2023.
             Was a Priest of Vehumet.
             Hit by a large rock thrown by a stone giant (51 damage)
             ... in a volcano on Jan 9, 2023.
             The game lasted 00:55:42 (19116 turns).

pokeman the Eclecticist (Deep Elf Hedge Wizard)    Turns: 19116, Time: 00:55:42

Health: -45/76     AC: 10    Str: 10    XL:     13   Next: 16%
Magic:  37/46      EV: 11    Int: 27    God:    Vehumet [***...]
Gold:   399        SH:  0    Dex:  7    Spells: 25/49 levels left

rFire   + + .      SeeInvis .    C - staff of fire
rCold   . . .      Faith    .    (no shield)
rNeg    . . .      Spirit   .    Z - +0 leather armour {rF+}
rPois   +          Reflect  .    q - +1 helmet
rElec   .          Harm     .    n - +1 cloak {Will+}
rCorr   .          Rampage  .    v - +0 pair of gloves
Will    ++...                    J - +0 pair of boots
Stlth   +++                      I - amulet of magic regeneration
HPRegen 0.32/turn                W - ring "Ofitiuz" {rPois Str+3 Int+2 Dex-5 Stlth+}
MPRegen 0.70/turn                E - ring of magical power

@: on blink cooldown
A: clumsy 1
a: Renounce Religion


You were in a volcano.
You worshipped Vehumet.
Vehumet was most pleased with you.
You visited 3 branches of the dungeon, and saw 17 of its levels.
You also visited: Ossuary, Gauntlet and Volcano.

You collected 1153 gold pieces.
You spent 754 gold pieces at shops.

Inventory:

Hand Weapons
 i - the +10 sling of the Wary Olives {elec, rPois rC+ rCorr}
   (You found it on level 2 of the Lair of Beasts)

   rC:        It protects you from cold.
   rPois:     It protects you from poison.
   rCorr:     It protects you from acid and corrosion.
Missiles
 b - 4 curare-tipped darts
Armour
 n - a +1 cloak of willpower (worn)
 p - the +3 robe of Clouds {*Thunder rCloud rElec}
   (You found it in a Gauntlet)

   It occasionally creates storm clouds above nearby enemies.
   It grants its wearer immunity to clouds.
   rElec:     It insulates you from electricity.
 q - a +1 helmet (worn)
 v - a +0 pair of gloves (worn)
 J - a +0 pair of boots (worn)
 T - the +3 ring mail of Unreason {Will+ Str+2 SInv Stlth-}
   (You found it on level 9 of the Dungeon)

   Str:       It affects your strength (+2).
   SInv:      It lets you see invisible.
   Will:      It increases your willpower.
   Stlth:     It makes you less stealthy.
 Z - a +0 leather armour of fire resistance (worn)
Magical Staves
 k - a staff of air
 C - a staff of fire (weapon)
 P - a staff of death
 U - a staff of conjuration
Jewellery
 a - an amulet of reflection
 E - a ring of magical power (right hand)
 F - a ring of see invisible
 I - an amulet of magic regeneration (around neck)
 W - the ring "Ofitiuz" (left hand) {rPois Str+3 Int+2 Dex-5 Stlth+}
   (You found it on level 10 of the Dungeon)

   [ring of poison resistance]

   Str:       It affects your strength (+3).
   Int:       It affects your intelligence (+2).
   Dex:       It affects your dexterity (-5).
   rPois:     It protects you from poison.
   Stlth:     It makes you more stealthy.
Wands
 g - a wand of polymorph (8)
 D - a wand of acid (5)
 Q - a wand of digging (2)
Scrolls
 e - a scroll of acquirement {unknown}
 h - a scroll of magic mapping
 t - 8 scrolls of teleportation
 N - 2 scrolls of blinking
 V - 2 scrolls of vulnerability {unknown}
 Y - 2 scrolls of fog {unknown}
Potions
 d - a potion of magic
 f - 16 potions of curing
 j - a potion of berserk rage {unknown}
 m - a potion of might {unknown}
 u - 7 potions of haste
 w - a potion of lignification {unknown}
 x - 3 potions of degeneration {unknown}
 z - 5 potions of heal wounds
 A - 3 potions of ambrosia {unknown}
 B - 2 potions of resistance {unknown}
 H - 2 potions of brilliance {unknown}
 L - 3 potions of flight {unknown}
 O - a potion of cancellation {unknown}
Miscellaneous
 c - a tin of tremorstones (2/2)
 M - a piece from Xom's chessboard (15/15)
 X - a condenser vane


   Skills:
 + Level 6.6 Fighting
 - Level 5.0 Armour
 - Level 3.0 Dodging
 - Level 3.1 Stealth
 * Level 18.6 Spellcasting
 + Level 11.2 Conjurations
 - Level 7.1 Summonings
 - Level 1.2 Necromancy
 - Level 1.1 Translocations
 + Level 7.5 Fire Magic
 - Level 1.2 Air Magic
 - Level 1.0 Earth Magic
 - Level 2.1 Poison Magic
 - Level 1.0 Evocations


You had 25 spell levels left.
You knew the following spells:

 Your Spells              Type           Power      Damage    Failure   Level
a - Magic Dart            Conj           100%       1d8       0%          1
b - Mephitic Cloud        Conj/Pois/Air  51%        N/A       1%          3
c - Call Imp              Summ           59%        N/A       1%          2
d - Blink                 Tloc           62%        N/A       2%          2
e - Foxfire               Conj/Fire      100%       2x1d9     1%          1
f - Fireball              Conj/Fire      42%        3d17      1%          5
g - Stone Arrow           Conj/Erth      100%       3d13      1%          3
h - Orb of Destruction    Conj           36%        9d11      5%          7

Your spell library contained the following spells:

 Spells                   Type           Power      Damage    Failure   Level
 Iskenderun's Mystic Bla  Conj/Tloc      55%        2d12      1%          4
 Sandblast                Erth           60%        2d14      1%          1
 Cigotuvi's Dreadful Rot  Necr/Pois/Air  66%        N/A       1%          2
 Scorch                   Fire           100%       2d10      1%          2
 Summon Guardian Golem    Hex/Summ       44%        N/A       1%          3
 Flame Wave               Conj/Fire      85%        2d18      1%          4
 Irradiate                Conj/Tmut      26%        3d20      1%          5
 Slow                     Hex            100%       N/A       2%          1
 Starburst                Conj/Fire      42%        6d12      2%          6
 Passwall                 Tmut/Erth      22%        N/A       3%          2
 Animate Armour           Summ/Erth      94%        N/A       4%          4
 Spellforged Servitor     Conj/Summ      32%        N/A       12%         7
 Summon Cactus Giant      Summ           29%        N/A       19%         6
 Blade Hands              Tmut           12%        N/A       54%         5
 Lehudib's Crystal Spear  Conj/Erth      27%        10d7      95%         8
 Dragon Form              Tmut           12%        N/A       100%        7


Dungeon Overview and Level Annotations

Branches:
Dungeon (13/15)            Temple (1/1) D:4            Lair (3/5) D:8
 Shoals (0/4) Lair:3       Spider (0/4) Lair:2          Orc (0/2) D:10
 Vaults (0/5) D:13        Ossuary (visited)         Volcano (1/1)
Gauntlet (visited)

Altars:
Ashenzari
Cheibriados
Dithmenos
Elyvilon
Fedhas
Gozag
Hepliaklqana
Kikubaaqudgha
Makhleb
Nemelex Xobeh
Okawaru
Qazlal
Ru
Sif Muna
Trog
Uskayaw
Vehumet
Wu Jian
Xom
Yredelemnul
Zin
The Shining One

Shops:
D:9 :(:!?

Portals:
Trove: D:13 (give +5 ice dragon scales)

Annotations:
D:10 1 runed translucent door, Theoretic's ghost, journeyman VSFi


Innate Abilities, Weirdness & Mutations

You are clumsy. (Dex -2)


Message History

t - Shout!
Orders for allies: a - Attack new target. r - Retreat! s - Stop attacking. g - Guard the area. f - Follow me.
Anything else - Cancel.
Retreat in which direction?
Press: ? - help, Dir - move target Fall back!
Casting: Call Imp (safe; 1% risk of failure)
Confirm with . or Enter, or press ? or * to list all spells.
Aiming: Mephitic Cloud (safe; 1% risk of failure)
Press: ? - help, Shift-Dir - straight line, f - stone giant
Aim: a stone giant, quivering large rocks (chance to affect: 24%)
The ball explodes into a vile cloud!
The stinking cloud engulfs the stone giant but does no damage.
The stinking cloud engulfs your crimson imp but does no damage.
The stone giant is engulfed in noxious fumes.
The stone giant attacks as you move away!
The stone giant hits you!!
* * * LOW HITPOINT WARNING * * *
The stone giant is engulfed in noxious fumes.
You see here a +2 scimitar of flaming.
The stone giant attacks as you move away!
The stone giant barely misses you.
Casting: Mephitic Cloud (safe; 1% risk of failure)
Confirm with . or Enter, or press ? or * to list all spells.
You blink.
Casting: Blink (safe; 2% risk of failure)
Confirm with . or Enter, or press ? or * to list all spells.
Aiming: Fireball (dangerous; 1% risk of failure)
Press: ? - help, Shift-Dir - straight line, f/p - stone giant
Aim: a stone giant, quivering large rocks You feel a surge of power!
The fireball explodes!
The fireball engulfs the stone giant!
The stone giant is lightly wounded.
The fireball engulfs your crimson imp.
Your crimson imp completely resists.
The stone giant throws a large rock.
The large rock hits you!!!
Ouch! That really hurt!
You die...

#....≈°§≈≈≈≈≈≈≈§≈≈...#
##....≈≈§≈≈§≈≈§≈≈....#
#....≈≈≈§≈§≈§§≈≈≈...#
##.....≈≈≈≈≈≈§§≈...#
###.....§§≈.§.....#
##.#...§.........#
##.###..###..##...#
§.## #### #.####..#
..## ### ##@## ...#
##)#### ..## #)...≈##
∩.. ##.[§§§§# ≈..#
#.C5)§§≈# §≈..
#.)..§≈## ≈≈≈##
##§.≈≈☼# §≈≈# ##§§☼☼#
≈§## ##§§##


You could see a stone giant and a friendly crimson imp (summoned).

Vanquished Creatures
  A minotaur (Gauntlet)
  A great orb of eyes (Gauntlet)
  3 two-headed ogres
  Nergalle (Lair:1)
  A sixfirhy (Gauntlet)
  A fire crab (D:8)
  2 ugly things (Gauntlet)
  2 cyclopes
  A manticore (D:13)
  6 elephants (Lair:1)
  4 black mambas
  2 gargoyles (Volcano)
  4 cane toads
  A rime drake (Lair:2)
  4 komodo dragons
  2 unseen horrors
  A kobold demonologist (D:13)
  An efreet (Volcano)
  An ice devil (Gauntlet)
  2 shadows
  2 fire elementals (Volcano)
  A wyvern (Lair:1)
  39 yaks
  3 wraiths (D:11)
  A vampire (D:12)
  A redback (Lair:2)
  6 vampire mosquitoes
  A steam dragon (D:6)
  13 water moccasins
  6 orc warriors
  A black bear (Lair:3)
  9 wolves
  An ogre (D:6)
  2 centaurs
  A phantom (D:6)
  Blork the orc (D:6)
  4 kobold brigands
  15 bullfrogs
  7 scorpions
  5 water moccasin zombies (Ossuary)
  2 necrophages
  12 wights
  7 killer bees
  3 howler monkeys
  3 hounds
  9 orc priests
  A gnoll bouda (D:5)
  A jelly (D:5)
  Ijyb (D:3)
  7 orc wizards
  2 mummies (Ossuary)
  Robin (D:3)
  4 gnolls
  9 adders
  9 river rats (D:5)
  A shadow imp (D:4)
  2 white imps (Gauntlet)
  3 ufetubi
  4 adder zombies (Ossuary)
  A worm (D:5)
  5 dart slugs
  46 orcs
  9 ball pythons
  3 endoplasms
  4 giant cockroaches
  3 gnoll zombies (Ossuary)
  14 goblins
  4 hobgoblins
  7 jackals
  17 kobolds
  12 quokkas
  5 bats
  3 frilled lizards
  2 hobgoblin zombies (Ossuary)
  8 kobold zombies (Ossuary)
  3 orc zombies (Ossuary)
  19 rats
406 creatures vanquished.

Vanquished Creatures (collateral kills)
  A wraith (D:13)
  A steam dragon (D:8)
  A water moccasin zombie (Ossuary)
  3 goblins (D:3)
  3 hobgoblins (D:3)
  2 quokkas (D:5)
  2 gnoll zombies (Ossuary)
  A hobgoblin zombie (Ossuary)
  An orc zombie (Ossuary)
  A rat (D:5)
16 creatures vanquished.

Vanquished Creatures (others)
  354 foxfires
  10 fungi
  13 plants
377 creatures vanquished.

Grand Total: 799 creatures vanquished

Notes
Turn   | Place    | Note
-------+----------+-------------------------------------------
     0 | D:1      | pokeman the Deep Elf Hedge Wizard began the quest for the
                  | Orb.
     0 | D:1      | Reached XP level 1. HP: 10/10 MP: 7/7
   188 | D:1      | Reached XP level 2. HP: 16/16 MP: 6/9
   541 | D:1      | Reached skill level 5 in Spellcasting
   541 | D:1      | Reached XP level 3. HP: 20/20 MP: 2/11
   545 | D:1      | Learned a level 3 spell: Mephitic Cloud
   548 | D:1      | Learned a level 2 spell: Call Imp
   551 | D:1      | Learned a level 2 spell: Blink
  1376 | D:1      | Reached skill level 1 in Fighting
  1990 | D:2      | Reached skill level 1 in Armour
  2074 | D:2      | Found an ancient bone altar of Kikubaaqudgha.
  2663 | D:2      | Reached XP level 4. HP: 25/25 MP: 10/13
  2874 | D:3      | Noticed Robin
  3087 | D:2      | Reached skill level 6 in Spellcasting
  3264 | D:3      | Reached XP level 5. HP: 29/29 MP: 11/15
  3329 | D:3      | Killed Robin
  3337 | D:3      | HP: 1/29 [hobgoblin[Robin] (2)]
  3605 | D:3      | You fall into a shaft and drop 3 floors!
  3660 | D:6      | Found a hazy altar of Hepliaklqana.
  3660 | D:6      | Found a broken altar of Ashenzari.
  3678 | D:6      | Reached skill level 1 in Air Magic
  3708 | D:6      | Noticed an ogre
  3727 | D:6      | Killed an ogre
  3728 | D:6      | Reached XP level 6. HP: 34/34 MP: 8/17
  3805 | D:5      | Entered Level 5 of the Dungeon
  3812 | D:5      | Reached skill level 7 in Spellcasting
  3812 | D:5      | Reached skill level 1 in Earth Magic
  3812 | D:5      | Reached skill level 1 in Evocations
  3904 | D:5      | Noticed a water moccasin
  3906 | D:5      | Reached skill level 1 in Poison Magic
  4077 | D:5      | Reached XP level 7. HP: 35/38 MP: 7/20
  4264 | D:5      | Reached skill level 8 in Spellcasting
  4752 | D:4      | Found a staircase to the Ecumenical Temple.
  4764 | Temple   | Entered the Ecumenical Temple
  4846 | D:4      | Found a sand-covered staircase.
  4855 | Ossuary  | Entered an ossuary
  5206 | Ossuary  | Reached XP level 8. HP: 11/44 MP: 22/22
  5362 | Ossuary  | Reached skill level 9 in Spellcasting
  6210 | D:3      | Noticed Ijyb
  6224 | D:3      | Killed Ijyb
  6264 | D:3      | Found a burning altar of Makhleb.
  6989 | D:5      | Reached skill level 5 in Conjurations
  7336 | D:5      | Reached skill level 10 in Spellcasting
  7533 | D:6      | Noticed Blork the orc
  7542 | D:6      | Killed Blork the orc
  7661 | D:6      | Found a sparkling altar of Nemelex Xobeh.
  8034 | D:6      | Learned a level 3 spell: Stone Arrow
  8052 | D:6      | Reached XP level 9. HP: 48/48 MP: 14/25
  8143 | D:6      | Noticed a two-headed ogre
  8152 | D:6      | Killed a two-headed ogre
  8153 | D:6      | Reached skill level 11 in Spellcasting
  8731 | D:7      | Reached skill level 5 in Summonings
  8924 | D:7      | Found a shimmering blue altar of Sif Muna.
  9028 | D:7      | Found a white marble altar of Elyvilon.
  9086 | D:7      | Reached skill level 12 in Spellcasting
  9494 | D:8      | Found a staircase to the Lair.
  9495 | D:8      | Noticed a fire crab
  9500 | D:8      | Killed a fire crab
  9525 | D:8      | Reached XP level 10. HP: 56/56 MP: 16/28
  9858 | D:8      | Noticed a cyclops
  9862 | D:8      | Killed a cyclops
 10009 | D:8      | Found a stormy altar of Qazlal.
 10016 | D:8      | Reached skill level 13 in Spellcasting
 10514 | D:8      | Learned a level 7 spell: Orb of Destruction
 10863 | D:9      | Reached skill level 1 in Necromancy
 10992 | D:9      | Found a snail-covered altar of Cheibriados.
 11014 | D:9      | Found Aroodd's Distillery.
 11028 | D:9      | Bought a potion of heal wounds for 65 gold pieces
 11028 | D:9      | Bought a potion of heal wounds for 65 gold pieces
 11028 | D:9      | Bought 2 potions of curing for 78 gold pieces
 11028 | D:9      | Bought a potion of mutation for 104 gold pieces
 11043 | D:9      | Found Iqongoegoss's Weapon Boutique.
 11044 | D:9      | Found Wifra Sagi's Book Boutique.
 11049 | D:9      | Bought a book of Fire for 300 gold pieces
 11051 | D:9      | Learned a level 1 spell: Foxfire
 11057 | D:9      | Learned a level 5 spell: Fireball
 11092 | D:9      | Identified the +3 ring mail of Unreason {Will+ Str+2 SInv
                  | Stlth-}
 11372 | D:9      | Found Feham's Book Emporium.
 11413 | D:9      | Reached skill level 14 in Spellcasting
 11513 | D:9      | Noticed a two-headed ogre
 11521 | D:9      | Killed a two-headed ogre
 11819 | D:9      | Found a radiant altar of Vehumet.
 11866 | D:9      | Found Hesoorum's Magic Scroll Boutique.
 11875 | D:9      | Bought a scroll of identify for 30 gold pieces
 11875 | D:9      | Bought a scroll of magic mapping for 112 gold pieces
 12012 | D:10     | Entered Level 10 of the Dungeon
 12012 | D:10     | Noticed Theoretic's ghost (journeyman VSFi)
 12012 | D:10     | Found a runed translucent door.
 12091 | D:10     | Reached skill level 1 in Fire Magic
 12091 | D:10     | Reached XP level 11. HP: 44/61 MP: 4/31
 12248 | D:10     | Found a staircase to the Orcish Mines.
 12473 | D:10     | Identified the ring "Ofitiuz" {rPois Str+3 Int+2 Dex-5
                  | Stlth+}
 12563 | D:10     | Found a bloodstained altar of Trog.
 12683 | D:9      | Became a worshipper of Vehumet
 12774 | D:10     | Found a hide-covered altar of Uskayaw.
 12774 | D:10     | Found a glowing golden altar of the Shining One.
 13292 | D:11     | Reached skill level 15 in Spellcasting
 13524 | D:11     | Reached * piety under Vehumet
 13524 | D:11     | Offered knowledge of Shock by Vehumet.
 13985 | Temple   | Gained mutation: You have sharp toenails. [potion of
                  | mutation]
 13985 | Temple   | Gained mutation: You are dopey. (Int -2) [potion of
                  | mutation]
 13986 | Temple   | Lost mutation: You have sharp toenails. [potion of
                  | mutation]
 13986 | Temple   | Lost mutation: You are dopey. (Int -2) [potion of mutation]
 13986 | Temple   | Gained mutation: You are robust. (+10% HP) [potion of
                  | mutation]
 13986 | Temple   | Gained mutation: You are dopey. (Int -2) [potion of
                  | mutation]
 13986 | Temple   | Gained mutation: Armour fits poorly on your strangely
                  | shaped body. [potion of mutation]
 13987 | Temple   | Lost mutation: You are robust. (+10% HP) [potion of
                  | mutation]
 13987 | Temple   | Lost mutation: You are dopey. (Int -2) [potion of mutation]
 13987 | Temple   | Lost mutation: Armour fits poorly on your strangely shaped
                  | body. [potion of mutation]
 13987 | Temple   | Gained mutation: You are clumsy. (Dex -2) [potion of
                  | mutation]
 14109 | D:12     | Reached skill level 5 in Armour
 14237 | D:12     | Noticed a two-headed ogre
 14241 | D:12     | Killed a two-headed ogre
 14996 | D:13     | Reached skill level 16 in Spellcasting
 15065 | D:13     | Found a portal to a secret trove of treasure.
 15404 | D:13     | Noticed a vault guard
 15404 | D:13     | Noticed a vault guard
 15405 | D:13     | Found a gate to the Vaults.
 15405 | D:13     | Noticed a vault guard
 15405 | D:13     | Noticed a vault guard
 15405 | D:13     | Noticed a vault guard
 15405 | D:13     | Noticed a vault guard
 15406 | D:13     | Noticed a vault guard
 15517 | Lair:1   | Entered Level 1 of the Lair of Beasts
 15548 | Lair:1   | Noticed Nergalle
 15593 | Lair:1   | Found a gate leading to a gauntlet.
 15602 | Gauntlet | Entered a Gauntlet
 15602 | Gauntlet | Found a transporter.
 15602 | Gauntlet | Found a transporter.
 15602 | Gauntlet | Found a runed translucent door.
 15602 | Gauntlet | Found a runed translucent door.
 15614 | Gauntlet | Found a transporter.
 15631 | Gauntlet | Found a transporter.
 15631 | Gauntlet | Found a transporter.
 15632 | Gauntlet | Noticed a sixfirhy
 15636 | Gauntlet | Found a transporter.
 15636 | Gauntlet | Found a transporter.
 15638 | Gauntlet | Found a transporter.
 15638 | Gauntlet | Noticed a cyan ugly thing
 15639 | Gauntlet | Noticed a great orb of eyes
 15640 | Gauntlet | Noticed a red ugly thing
 15654 | Gauntlet | Found a transporter.
 15655 | Gauntlet | Found the +3 robe of Clouds {*Thunder rCloud rElec}
 15668 | Gauntlet | Found a transporter.
 15672 | Gauntlet | Found a runed translucent door.
 15677 | Gauntlet | Noticed a four-headed hydra
 15679 | Gauntlet | Found a transporter.
 15696 | Gauntlet | Found a transporter.
 15715 | Gauntlet | Found a transporter.
 15725 | Gauntlet | Noticed a wizard
 15729 | Gauntlet | Found a transporter.
 15924 | Gauntlet | Killed a sixfirhy
 15925 | Gauntlet | Reached skill level 5 in Fighting
 15925 | Gauntlet | Reached XP level 12. HP: 68/68 MP: 16/34
 16095 | Gauntlet | Reached skill level 5 in Fire Magic
 16095 | Gauntlet | Killed a great orb of eyes
 16215 | Gauntlet | Noticed a minotaur
 16218 | Gauntlet | Killed a minotaur
 16219 | Gauntlet | Reached skill level 10 in Conjurations
 16280 | Lair:1   | Killed Nergalle
 16281 | Lair:1   | Reached skill level 17 in Spellcasting
 16649 | Lair:1   | Reached ** piety under Vehumet
 16649 | Lair:1   | Offered knowledge of Searing Ray by Vehumet.
 17227 | Lair:1   | Reached skill level 18 in Spellcasting
 17787 | Lair:2   | Offered knowledge of Inner Flame by Vehumet.
 17963 | Lair:2   | Reached *** piety under Vehumet
 17964 | Lair:2   | Reached XP level 13. HP: 75/75 MP: 37/37
 18018 | Lair:2   | Found a bloodstained altar of Trog.
 18114 | Lair:2   | Found a hole to the Spider Nest.
 18370 | Lair:2   | Identified the +10 sling of the Wary Olives {elec, rPois
                  | rC+ rCorr}
 18907 | Lair:3   | Found a staircase to the Shoals.
 18926 | Lair:3   | Found a dark tunnel.
 18929 | Volcano  | Entered a volcano
 19020 | Volcano  | Offered knowledge of Iskenderun's Mystic Blast by Vehumet.
 19045 | Volcano  | Noticed a stone giant
 19116 | Volcano  | Hit by a large rock thrown by a stone giant

Illustrated notes

Levels and vault maps discovered:
D:1:      dpeg_arrival_short_road, layout_basic
D:2:      layout_loops_corners, corexii_leaking_fountain, minmay_hexomino_r4
D:3:      layout_rooms, lightli_temple_of_fire, uniq_robin, uniq_ijyb
D:4:      layout_basic, minmay_temple_entry_statues, enter_ossuary_1
D:5:      lemuel_ratsnest, layout_rooms, moated_statue, dk_vineyard_1,
          chequers_serial_rivers_small_b
D:6:      layout_basic, chequers_temple_overflow_statue_of_worship,
          lemuel_coloured_pillars_altar, uniq_blork_the_orc
D:7:      layout_loops_ring, mainiacjoe_overflow_catch_the_wave
D:8:      layout_loops_ring, mainiacjoe_overflow_24_doors,
          minmay_lair_entry_lava
D:9:      layout_basic, kennysheep_slug_shrine, nicolae_overflow_hidden_temple,
          serial_shops, nicolae_take_the_stairs, nicolae_lakefront_shop,
          shop_coins, shop, shop, columned_hall_lemuel
D:10:     layout_cave_pools, mainiacjoe_overflow_concentric_impassable,
          mainiacjoe_overflow_divided_tiny, minmay_orc_entry_temple_small,
          hellmonk_ghost_happy_afterlife, hangedman_abyss_or_decor_stabs
D:11:     layout_rooms
D:12:     layout_rooms
D:13:     layout_irregular_city, erik_vaults_2, nicolae_trove_entry_crystal,
          minmay_shop_enchanted_jewellery, nicolae_sif_muna_condensation
Temple:   compressed_dpeg_circular_temple
Lair:1:   layout_concentric_octagons, gauntlet_entry_generic,
          grunt_megastairs_2, uniq_nergalle
Lair:2:   layout_layer_cave, spider_nest_entry_webs, basic_altar,
          beast_lair_carwin_3
Lair:3:   layout_cave_pods, shoals_dummy_entry, enter_volcano_4, minivault_25,
          st_stairs_11
Volcano:  volcano_pools

Skill      XL: |  1  2  3  4  5  6  7  8  9 10 11 12 |
---------------+-------------------------------------+-----
Spellcasting   | 5 6 7 8 10 12 14 16 18 | 18.6
Fighting       | 1 2 3 4 5 6 |  6.6
Conjurations   | 2 3 4 5 7 8 9 11 | 11.2
Armour         | 1 2 3 4 5 |  5.0
Dodging        | 3 |  3.0
Stealth        | 3 |  3.1
Air Magic      | 1 |  1.2
Earth Magic    | 1 |  1.0
Evocations     | 1 |  1.0
Poison Magic   | 1 2 |  2.1
Summonings     | 2 4 5 7 |  7.1
Necromancy     | 1 |  1.2
Fire Magic     | 1 4 7 |  7.5
Translocations | |  1.1

Action                   |  1- 3 |  4- 6 |  7- 9 | 10-12 | 13-15 || total
-------------------------+-------+-------+-------+-------+-------++-------
Melee: Dagger            |    26 |    37 |   113 |       |       ||   176
       Punch             |       |       |     3 |       |       ||     3
       Whip              |       |       |    24 |    44 |       ||    68
       Staff             |       |       |       |    36 |     1 ||    37
 Cast: Magic Dart        |    97 |    93 |   304 |    30 |       ||   524
       Mephitic Cloud    |       |     8 |    16 |    39 |     1 ||    64
       Call Imp          |       |     1 |     7 |     4 |     1 ||    13
       Blink             |       |       |     2 |       |     1 ||     3
       Stone Arrow       |       |       |    31 |    64 |    17 ||   112
       Foxfire           |       |       |       |   194 |       ||   194
       Fireball          |       |       |       |   108 |    17 ||   125
       Orb of Destructio |       |       |       |       |     1 ||     1
Evoke: Wand              |       |       |       |     5 |     3 ||     8
  Use: Scroll            |       |       |       |    16 |     1 ||    17
       Potion            |       |       |       |     4 |       ||     4
 Stab: Sleeping          |     3 |       |     1 |       |     1 ||     5
       Confused          |       |     2 |    10 |     3 |       ||    15
Armor: Robe              |     4 |    16 |    60 |    60 |     5 ||   145
       Ring mail         |       |       |       |     3 |       ||     3
Dodge: Dodged            |    25 |    63 |   151 |   106 |     9 ||   354

Table legend: (Time is in decaauts)
 A = Elapsed time spent in this place.
 B = Non-inter-level travel time spent in this place.
 C = Inter-level travel time spent in this place.
 D = Time resting spent in this place.
 E = Time spent auto-exploring this place.
 F = Levels seen in this place.
 G = Mean time per level.
                   A        B        C        D        E       F      G
               +--------+--------+--------+--------+--------+-----+--------+
         Total |  19132 |  18100 |   1032 |   1689 |  12809 |  20 |  956.6 |
       Dungeon |  14687 |  13778 |    909 |   1207 |  10304 |  13 | 1129.8 |
        Temple |    201 |    168 |     33 |      0 |     47 |   1 |  201.0 |
          Lair |   2370 |   2280 |     90 |     52 |   1767 |   3 |  790.0 |
       Ossuary |   1041 |   1041 |      0 |    134 |    679 |   1 | 1041.0 |
       Volcano |    186 |    186 |      0 |     62 |      0 |   1 |  186.0 |
      Gauntlet |    645 |    645 |      0 |    234 |     12 |   1 |  645.0 |
               +--------+--------+--------+--------+--------+-----+--------+

Top non-repeatable levels by time:
     D:1: 1671 daAuts
     D:8: 1666 daAuts
     D:2: 1440 daAuts
     D:6: 1291 daAuts
     D:5: 1269 daAuts
  Lair:2: 1258 daAuts
     D:9: 1256 daAuts
     D:7: 1182 daAuts
  Lair:1: 1061 daAuts
    D:10: 1042 daAuts
 Ossuary: 1041 daAuts
     D:4: 931 daAuts
    D:11: 837 daAuts
    D:12: 781 daAuts
     D:3: 759 daAuts
